 Dungeon Crawl Stone Soup version 0.32-a0-928-g1cae6b7ea0 (webtiles) character file.

Game seed: 2676189714913210095

14351 Griffin23 the Fencer (level 11, -6/102 HPs)
             Began as a Minotaur Berserker on Apr 12, 2024.
             Was an Elder of Trog.
             Mangled by a large abomination (17 damage)
             ... on level 9 of the Dungeon.
             The game lasted 00:25:00 (12063 turns).

Griffin23 the Fencer (Minotaur Berserker)          Turns: 12063, Time: 00:25:00

Health: -6/102     AC: 23    Str: 25    XL:     11   Next: 87%
Magic:  10/10      EV:  6    Int:  4    God:    Trog [****..]
Gold:   619        SH: 10    Dex: 11    Spells: 10/10 levels left

rFire   . . .        a - +1 long sword "Ugregg" {speed, SInv}
rCold   + . .        D - +0 kite shield
rNeg    . . .        H - +0 plate armour
rPois   .            (helmet restricted)
rElec   .            K - +1 cloak
rCorr   .            (no gloves)
SInv    +            x - +0 pair of boots
Will    .....        (no amulet) Stlth
                     q - ring of protection from cold
HPRegen 0.37/turn    d - +4 ring of protection
MPRegen 0.12/turn

%: no passive effects
@: about to teleport, on berserk cooldown, slowed, very slow
A: horns 2, retaliatory headbutt
a: Renounce Religion, Berserk, Trog's Hand, Brothers in Arms


You were on level 9 of the Dungeon.
You worshipped Trog.
Trog was greatly pleased with you.
You visited 1 branch of the dungeon, and saw 9 of its levels.
You also visited: Bailey.

You collected 710 gold pieces.
You spent 91 gold pieces at shops.

Inventory:

Hand Weapons
 a - the +1 long sword "Ugregg" (weapon) {speed, SInv}
   (You found it on level 7 of the Dungeon)

   SInv:      It lets you see invisible.
 g - a +0 scimitar
 m - a +0 great sword
 A - a +0 long sword
Missiles
 E - 21 boomerangs (quivered)
Armour
 x - a +0 pair of boots (worn)
 y - a scarf of invisibility
 B - a +0 cloak
 D - a +0 kite shield (worn)
 H - a +0 plate armour (worn)
 K - a +1 cloak (worn)
Jewellery
 d - a +4 ring of protection (right hand)
 q - a ring of protection from cold (left hand)
Wands
 r - a wand of light (17)
 G - a wand of paralysis (5)
 I - a wand of polymorph (7)
Scrolls
 b - a scroll of revelation {unknown}
 e - 2 scrolls of teleportation
 f - 3 scrolls of noise
 i - a scroll of enchant armour {unknown}
 k - a scroll of silence {unknown}
 l - 4 scrolls of fear
 n - 3 scrolls of blinking
 p - 3 scrolls of vulnerability
 s - 3 scrolls of brand weapon {unknown}
 v - 2 scrolls of poison {unknown}
 z - 3 scrolls of amnesia {unknown}
 M - 3 scrolls of enchant weapon {unknown}
 P - a scroll of acquirement
Potions
 c - 2 potions of cancellation
 h - 3 potions of might
 j - 3 potions of enlightenment
 o - a potion of curing
 t - 2 potions of attraction
 u - a potion of haste
 w - a potion of degeneration
 C - 3 potions of mutation
 F - 2 potions of invisibility
 L - a potion of resistance {unknown}
 N - a potion of magic {unknown}
Miscellaneous
 J - a box of beasts (inert)
 O - a lightning rod (4/4)


   Skills:
 + Level 11.3 Fighting
 * Level 15.4 Long Blades
 + Level 11.1 Armour
 - Level 2.1 Dodging
 + Level 8.6 Shields


You had 10 spell levels left.
You didn't know any spells.
Your spell library was empty.

Dungeon Overview and Level Annotations

Branches:
Dungeon (9/15)             Temple (0/1) D:7            Lair (0/5) D:9
    Orc (0/2) D:9          Bailey (visited)

Altars:
Cheibriados
Elyvilon
Kikubaaqudgha
Nemelex Xobeh
Okawaru
Ru
Sif Muna
Zin
Beogh

Shops:
D:3 !   D:4 :   D:9 :=(


Innate Abilities, Weirdness & Mutations

You have a pair of horns on your head.
You reflexively headbutt those who attack you in melee.


Message History

You hit the large abomination but do no damage.
You headbutt the large abomination, but do no damage.
The large abomination is severely damaged.
You hit the large abomination but do no damage.
You headbutt the large abomination, but do no damage.
The large abomination is severely damaged.
The large abomination barely misses you.
You closely miss the large abomination.
The large abomination is severely damaged.
The large abomination hits you but does no damage.
You hit the large abomination but do no damage.
The large abomination is severely damaged.
You block the large abomination's attack.
You barely miss the large abomination.
The large abomination is severely damaged.
The large abomination hits you!
* * * LOW HITPOINT WARNING * * *
You feel better.
You block the large abomination's attack.
You barely miss the large abomination.
The large abomination is severely damaged.
The large abomination barely misses you.
You closely miss the large abomination.
The large abomination is severely damaged.
The large abomination hits you!
* * * LOW HITPOINT WARNING * * *
You feel better. The large abomination hits you!
* * * LOW HITPOINT WARNING * * *
You feel better.
The large abomination barely misses you.
You block the large abomination's attack.
As you read the scroll of teleportation, it crumbles to dust.
You feel strangely unstable. The large abomination hits you.
* * * LOW HITPOINT WARNING * * *
Okay, then.
Your two-headed ogre goes berserk!
Trog will no longer gift you weapons.
You block the large abomination's attack.
The large abomination hits you!
You die...

.###.# #.####.####... .#
#.#
#########........##..#
.# #.#
#..............#......
.# #.#
###'######..#########..#
.# #.#
#.......ß#..#########..#
.# #.#
#....)...#....).........
.# #.#
#........#..########....
.###.## #ß.....O.#..#
#..## .##...##
#######@##..# #..##
.......# #...X#..#
######..## ~~)~~.##
+....#..###.........
####~..#
#:..ß#.........#....
..>#~.##
#######..###.##......
...#~.# #.#
#..###.##...### ')##≈.#
#.# #..#...##...##.
~≈≈≈~.# #.#
#....#......... ~≈≈~~.#
#.# #....#.....###.


You could see a large abomination (ally target) and a friendly two-headed ogre
(summoned, berserk).

Vanquished Creatures
  An orc warlord (Bailey)
  A boulder beetle (D:8)
  An arcanist (D:9)
  4 large abominations (D:9)
  An ugly thing (D:8)
  Maurice (D:8)
  A meliai (D:8)
  3 kobold demonologists (D:7)
  Psyche (D:9)
  A komodo dragon (D:9)
  Prince Ribbit (D:8)
  A hornet (D:7)
  Grinder (D:5)
  6 small abominations (D:9)
  2 wyverns
  A wraith (D:9)
  3 yaks (D:9)
  4 steam dragons
  Menkaure (D:5)
  3 water moccasins
  14 orc warriors
  A black bear (D:5)
  An ogre (D:6)
  6 centaurs
  4 kobold brigands
  A gnoll sergeant (D:8)
  2 scorpions
  5 bullfrogs
  A wight (D:9)
  10 killer bees
  A gnoll bouda (D:8)
  2 bombardier beetles
  10 orc priests
  Crazy Yiuf (D:4)
  5 hounds
  2 iguanas
  Ijyb (D:3)
  A sleepcap (D:4)
  Natasha (twice) (D:4)
  17 orc wizards
  6 mutant beasts (D:8)
  9 gnolls
  5 adders
  A river rat (D:4)
  2 shadow imps
  2 white imps
  2 ufetubi (D:5)
  4 ribbon worms (D:4)
  42 orcs
  10 ball pythons
  5 bats
  6 endoplasms
  2 giant cockroaches
  6 goblins
  13 hobgoblins
  4 quokkas
  19 kobolds
  8 rats
271 creatures vanquished.

Vanquished Creatures (others)
  A human (D:4)
1 creature vanquished.

Grand Total: 272 creatures vanquished

Notes
Turn   | Place    | Note
-------+----------+-------------------------------------------
     0 | D:1      | Griffin23 the Minotaur Berserker began the quest for the
                  | Orb.
     0 | D:1      | Reached XP level 1. HP: 19/19 MP: 0/0
   255 | D:1      | Reached skill level 4 in Long Blades
   255 | D:1      | Reached XP level 2. HP: 13/27 MP: 1/1
  1145 | D:2      | Reached XP level 3. HP: 32/33 MP: 2/2
  1188 | D:2      | Reached ** piety under Trog
  1528 | D:3      | Found a sparkling altar of Nemelex Xobeh.
  1804 | D:3      | Identified the +8 sling of the Philosopher {antimagic,
                  | ^Drain Dex+5 Stlth+}
  1886 | D:3      | Found Asasonoph's Distillery.
  1896 | D:3      | Bought a potion of curing for 39 gold pieces
  1896 | D:3      | Bought a potion of might for 52 gold pieces
  2077 | D:4      | Noticed a scorpion
  2083 | D:4      | Killed a scorpion
  2084 | D:4      | Reached skill level 5 in Long Blades
  2084 | D:4      | Reached XP level 4. HP: 41/41 MP: 3/3
  2086 | D:4      | Noticed Ijyb
  2090 | D:4      | Paralysed by Ijyb for 2 turns
  2104 | D:3      | Paralysed by Ijyb for 2 turns
  2106 | D:3      | Killed Ijyb
  2107 | D:3      | Reached XP level 5. HP: 22/47 MP: 4/4
  2220 | D:4      | Reached skill level 6 in Long Blades
  2293 | D:4      | Reached skill level 5 in Fighting
  2428 | D:4      | Reached XP level 6. HP: 56/56 MP: 5/5
  2434 | D:4      | Noticed Natasha
  2451 | D:4      | Killed Natasha
  2681 | D:4      | Found a glowing drain.
  2784 | D:4      | Found a sacrificial altar of Ru.
  2939 | D:4      | Reached skill level 7 in Long Blades
  3011 | D:4      | Noticed Natasha
  3018 | D:4      | Killed Natasha
  3288 | D:4      | Found Tif Tynlimn's Self-Improvement Boutique.
  3366 | D:4      | Found an ancient bone altar of Kikubaaqudgha.
  3367 | D:4      | Noticed a human
  3370 | D:4      | Killed a human
  3516 | D:4      | Found a runed translucent door.
  3517 | D:4      | Noticed Crazy Yiuf
  3599 | D:4      | Found a glowing silver altar of Zin.
  3599 | D:4      | Found a shimmering blue altar of Sif Muna.
  3606 | D:4      | Found a faded altar of an unknown god.
  3608 | D:4      | Found an iron altar of Okawaru.
  3610 | D:4      | Found a snail-covered altar of Cheibriados.
  3702 | D:4      | Killed Crazy Yiuf
  3703 | D:4      | Reached skill level 5 in Armour
  3703 | D:4      | Reached XP level 7. HP: 62/62 MP: 6/6
  3735 | D:5      | Entered Level 5 of the Dungeon
  3895 | D:5      | Noticed Menkaure
  3910 | D:5      | Killed Menkaure
  3911 | D:5      | Reached skill level 8 in Long Blades
  4019 | D:5      | Reached *** piety under Trog
  4020 | D:5      | Reached XP level 8. HP: 51/71 MP: 7/7
  4292 | D:5      | Noticed Grinder
  4303 | D:5      | Paralysed by Grinder for 2 turns
  4311 | D:5      | Paralysed by Grinder for 5 turns
  4317 | D:5      | Killed Grinder
  4318 | D:5      | Reached skill level 9 in Long Blades
  5453 | D:6      | Reached skill level 10 in Long Blades
  5453 | D:6      | Reached skill level 1 in Shields
  6322 | D:7      | Reached XP level 9. HP: 45/81 MP: 8/8
  6567 | D:7      | Identified the +1 long sword "Ugregg" {speed, SInv}
  6631 | D:7      | Found a staircase to the Ecumenical Temple.
  6783 | D:7      | Reached skill level 11 in Long Blades
  6880 | D:7      | Noticed a kobold demonologist
  6880 | D:7      | Noticed a kobold demonologist
  6881 | D:7      | Noticed a kobold demonologist
  6882 | D:7      | Noticed a hellwing
  6890 | D:7      | Killed a kobold demonologist
  6898 | D:7      | Killed a kobold demonologist
  6908 | D:7      | Killed a kobold demonologist
  6914 | D:7      | Reached skill level 12 in Long Blades
  7394 | D:8      | Reached **** piety under Trog
  7420 | D:8      | Identified the +4 ring mail "Riyf Juv" {-Tele rN+ Dex+4}
  7442 | D:8      | Noticed Prince Ribbit
  7469 | D:8      | Killed Prince Ribbit
  7470 | D:8      | Reached XP level 10. HP: 85/91 MP: 9/9
  7483 | D:8      | Reached skill level 5 in Shields
  7521 | D:8      | Found a white marble altar of Elyvilon.
  7760 | D:8      | Noticed a white ugly thing
  7760 | D:8      | Noticed a boulder beetle
  7774 | D:8      | Killed a white ugly thing
  8050 | D:8      | Noticed a meliai
  8056 | D:8      | Killed a meliai
  8123 | D:8      | Killed a boulder beetle
  8124 | D:8      | Reached skill level 13 in Long Blades
  8910 | D:8      | Noticed a juvenile batox beast
  8923 | D:8      | Killed a juvenile batox beast
  8924 | D:8      | Reached skill level 10 in Fighting
  9396 | D:8      | Noticed Maurice
  9420 | D:8      | Maurice stole a box of beasts
  9429 | D:8      | Maurice stole 474 gold
  9430 | D:8      | Killed Maurice
  9619 | D:9      | Found a staircase to the Lair.
  9654 | D:9      | Reached XP level 11. HP: 81/100 MP: 10/10
  9675 | D:9      | Found Gusiraes's Jewellery Boutique.
  9676 | D:9      | Found Keshresu's Weapon Boutique.
  9688 | D:9      | Found Nual's Book Boutique.
  9693 | D:9      | Reached skill level 10 in Armour
  9708 | D:9      | Reached skill level 14 in Long Blades
  9815 | D:9      | Found a flagged portal.
  9833 | Bailey   | Entered a bailey
  9852 | Bailey   | Noticed an orc warlord
  9978 | Bailey   | Found a runed translucent gate.
  9981 | Bailey   | Found a runed translucent gate.
 10006 | Bailey   | Found a runed translucent gate.
 10201 | Bailey   | Killed an orc warlord
 10499 | D:9      | Noticed Psyche
 10508 | D:9      | Killed Psyche
 11067 | D:9      | Found a staircase to the Orcish Mines.
 11077 | D:9      | Reached ***** piety under Trog
 11094 | D:9      | Found a roughly hewn altar of Beogh.
 11943 | D:9      | Noticed an arcanist
 11950 | D:9      | Killed an arcanist
 11984 | D:9      | Noticed a large abomination
 11984 | D:9      | Noticed a large abomination
 11984 | D:9      | Noticed a large abomination
 12001 | D:9      | Killed a large abomination
 12002 | D:9      | Reached skill level 15 in Long Blades
 12009 | D:9      | Killed a large abomination
 12059 | D:9      | HP: 1/102 [large abomination (16)]
 12063 | D:9      | Mangled by a large abomination

Illustrated notes

Levels and vault maps discovered:
D:1:      dpeg_arrival_tiny_d, layout_basic
D:2:      layout_rooms
D:3:      layout_loops_ring, nemelex_xobeh_ov_fountains_minmay, serial_shops,
          nicolae_square_shop
D:4:      layout_basic, lemuel_doored_altar, tgw_kikubaaqudgha,
          chequers_temple_overflow_minitemple, portal_sewer_entry_c,
          amcnicky_mini_corridor_feature, minivault_4,
          minmay_misc_feat_secret_circle, hangedman_abyss_or_decor_stagger,
          nicolae_shop_self_help, uniq_natasha, uniq_ijyb,
          uniq_crazy_yiuf_cottage
D:5:      black_bear_nest_1, layout_basic, minmay_increasing_density,
          uniq_grinder, uniq_menkaure
D:6:      layout_basic, minmay_starry_boxes
D:7:      layout_basic, temple_doors_e
D:8:      kennysheep_blocky_room, layout_cave_pods,
          mainiacjoe_overflow_cross_hatched, hex_medium, nicolae_beast_mode,
          uniq_prince_ribbit1, uniq_maurice
D:9:      layout_loops_ring, david_lair_shrubbed, minmay_orc_entry_temple_small,
          enter_bailey_4, nicolae_shop_distant_corner_stores, st_stairs_14,
          laboratory, uniq_psyche

Skill      XL: |  1  2  3  4  5  6  7  8  9 10 11 |
---------------+----------------------------------+-----
Long Blades    | 4 5 6 7 8 10 12 13 15 | 15.4
Fighting       | 4 5 6 7 9 10 11 | 11.3
Armour         | 3 4 5 6 7 8 9 11 | 11.1
Shields        | 2 4 6 8 |  8.6
Dodging        | |  2.1

Action                     |  1- 3 |  4- 6 |  7- 9 | 10-12 || total
---------------------------+-------+-------+-------+-------++-------
  Melee: Falchion          |    92 |    92 |       |       ||   184
         Headbutt          |    13 |    16 |    45 |   106 ||   180
         Long sword        |       |    26 |   304 |   565 ||   895
  Throw: Boomerang         |       |       |     1 |       ||     1
 Invoke: Berserk           |     1 |     3 |     5 |    13 ||    22
         Brothers in Arms  |       |       |       |     1 ||     1
  Evoke: Wand              |       |       |     1 |     3 ||     4
         Box of beasts     |       |       |       |     1 ||     1
    Use: Potion            |       |     3 |     1 |     6 ||    10
         Scroll            |       |       |     9 |     8 ||    17
 Armour: Animal skin       |    13 |       |       |       ||    13
         Scale mail        |    63 |   135 |   178 |       ||   376
         Plate armour      |       |       |    68 |   347 ||   415
  Dodge: Dodged            |    47 |    64 |   111 |   109 ||   331
  Block: Kite shield       |       |       |    82 |   178 ||   260

Table legend: (Time is in decaauts)
 A = Elapsed time spent in this place.
 B = Non-inter-level travel time spent in this place.
 C = Inter-level travel time spent in this place.
 D = Time resting spent in this place.
 E = Time spent auto-exploring this place.
 F = Levels seen in this place.
 G = Mean time per level.
                   A        B        C        D        E       F      G
               +--------+--------+--------+--------+--------+-----+--------+
         Total |  12015 |  11666 |    349 |   3263 |   6187 |  10 | 1201.5 |
       Dungeon |  11419 |  11070 |    349 |   3096 |   5990 |   9 | 1268.8 |
        Bailey |    595 |    595 |      0 |    166 |    196 |   1 |  595.0 |
               +--------+--------+--------+--------+--------+-----+--------+

Top non-repeatable levels by time:
     D:8: 2084 daAuts
     D:9: 1773 daAuts
     D:5: 1656 daAuts
     D:4: 1508 daAuts
     D:7: 1149 daAuts
     D:1: 966 daAuts
     D:6: 942 daAuts
     D:3: 867 daAuts
  Bailey: 595 daAuts
     D:2: 471 daAuts
